 Dungeon Crawl Stone Soup version 0.30-a0-916-g9813417 (webtiles) character file.

Game seed: 15538158687271181888

392740 Meepo69 the Warrior (level 23, -4/135 HPs)
             Began as a Vine Stalker Monk on Apr 1, 2023.
             Was an Initiate of Gozag.
             Slain by a war gargoyle
             ... wielding a +0 morningstar
             ... led by a peacekeeper
              (16 damage)
             ... on level 4 of the Vaults on Apr 2, 2023.
             The game lasted 06:49:52 (47660 turns).

Meepo69 the Warrior (Vine Stalker Monk)            Turns: 47660, Time: 06:49:54

Health: -4/135     AC: 36    Str: 22      XL:     23   Next: 44%
Magic:  0/33       EV: 28    Int:  7 (10) God:    Gozag
Gold:   10969      SH:  0    Dex: 33      Spells: 22/22 levels left

rFire   + . .      SeeInvis .    n - +8 Vampire's Tooth {megavamp}
rCold   + . .      Faith    .    (no shield)
rNeg    + . .      Spirit   +    U - +10 pearl dragon scales
rPois   .          Reflect  .    H - +1 helmet {Int+3}
rElec   .          Rampage  .    m - scarf {rC+ rF+}
rCorr   +                        Y - +2 pair of gloves
Will    ++...                    V - +2 pair of boots {Stlth+}
Stlth   ++++++++                 X - amulet of magic regeneration
HPRegen 1.22/turn                F - +6 ring of dexterity
MPRegen 0.63/turn                D - ring "Punao" {rCorr MP+9 Str+7 Int-3}

@: about to teleport, gold aura
A: fangs 3, regeneration 1, magic shield, antimagic bite, no potion heal 2
}: 1/15 runes: abyssal
a: Renounce Religion, Potion Petition, Call Merchant, Bribe Branch


You were on level 4 of the Vaults.
You worshipped Gozag.
Gozag was extremely pleased with you.
You visited 7 branches of the dungeon, and saw 34 of its levels.
You visited the Abyss 1 time.
You also visited: Bailey and Gauntlet.

You collected 20053 gold pieces.
You spent 5778 gold pieces at shops.
You paid 3306 gold pieces to Gozag.

Inventory:

Hand Weapons
 n - the +8 Vampire's Tooth (weapon) {megavamp}
   (You took it off a deep elf annihilator on level 3 of the Elven Halls)
 z - a +5 rapier of freezing
Missiles
 t - 29 boomerangs
 y - 21 curare-tipped darts (quivered)
 J - 3 throwing nets
 L - 8 silver javelins
 N - 9 javelins
Armour
 a - a +2 kite shield of reflection
 m - a scarf of resistance (worn)
 H - a +1 helmet of intelligence (worn)
 U - +10 pearl dragon scales (worn)
 V - a +2 pair of boots of stealth (worn)
 Y - a +2 pair of gloves (worn)
Jewellery
 k - the ring "Dippil" {Fly Will+}
   (You found it in a bailey)

   [ring of flight]

   Fly:       It grants you flight.
   Will:      It increases your willpower.
 C - the ring of Orahedau {rElec rPois rCorr Str+2}
   (You took it off a deep elf high priest on level 3 of the Elven Halls)

   [ring of resist corrosion]

   Str:       It affects your strength (+2).
   rElec:     It insulates you from electricity.
   rPois:     It protects you from poison.
   rCorr:     It protects you from acid and corrosion.
 D - the ring "Punao" (right hand) {rCorr MP+9 Str+7 Int-3}
   (You bought it in a shop on level 1 of the Lair of Beasts)

   [ring of magical power]

   Str:       It affects your strength (+7).
   Int:       It affects your intelligence (-3).
   MP:        It affects your magic capacity (+9).
   rCorr:     It protects you from acid and corrosion.
 F - a +6 ring of dexterity (left hand)
 T - a ring of see invisible
 X - an amulet of magic regeneration (around neck)
Wands
 e - a wand of roots (49)
 l - a wand of polymorph (11)
 u - a wand of light (6)
 E - a wand of flame (25)
 K - a wand of mindburst (39)
 R - a wand of charming (6)
 W - a wand of digging (1)
Scrolls
 b - 2 scrolls of magic mapping
 c - a scroll of torment {unknown}
 g - 11 scrolls of teleportation
 o - 4 scrolls of fog
 v - 4 scrolls of blinking
 A - 6 scrolls of fear
 Q - 4 scrolls of silence
Potions
 d - 3 potions of lignification
 f - a potion of invisibility
 h - 12 potions of flight
 i - 7 potions of magic
 j - 8 potions of brilliance
 p - 9 potions of mutation
 r - 3 potions of resistance
 s - 12 potions of curing
 w - 2 potions of cancellation
 x - 3 potions of might
 G - 3 potions of attraction
 O - 3 potions of berserk rage
 Z - 5 potions of haste
Miscellaneous
 q - a phial of floods
 B - a lightning rod (4/4)
 I - a tin of tremorstones (2/2)
 M - a condenser vane
 P - a phantom mirror
 S - a box of beasts


   Skills:
 - Level 19.3 Fighting
 + Level 17.2 Short Blades
 + Level 15.2 Armour
 + Level 17.5 Dodging
 + Level 18.9 Stealth
 - Level 8.2 Evocations


You had 22 spell levels left.
You didn't know any spells.
Your spell library contained the following spells:

 Spells                   Type           Power      Damage    Failure   Level
 Apportation              Tloc           0%         N/A       71%         1
 Foxfire                  Conj/Fire      0%         2x1d4     71%         1
 Freeze                   Ice            0%         1d3       71%         1
 Magic Dart               Conj           0%         1d3       71%         1
 Necrotise                Necr           0%         1d4       71%         1
 Slow                     Hex            0%         N/A       71%         1
 Sting                    Tmut/Pois      0%         1d3       71%         1
 Summon Small Mammal      Summ           0%         N/A       71%         1
 Blink                    Tloc           0%         N/A       85%         2
 Cigotuvi's Dreadful Rot  Necr/Pois/Air  0%         N/A       85%         2
 Ensorcelled Hibernation  Hex/Ice        0%         N/A       85%         2
 Lesser Beckoning         Tloc           0%         N/A       85%         2
 Momentum Strike          Conj/Tloc      0%         3d8       85%         2
 Passwall                 Tmut/Erth      0%         N/A       85%         2
 Poisonous Vapours        Pois/Air       0%         N/A       85%         2
 Scorch                   Fire           0%         2d5       85%         2
 Searing Ray              Conj           0%         2d4       85%         2
 Sublimation of Blood     Necr           0%         N/A       85%         2
 Confusing Touch          Hex            0%         N/A       97%         3
 Frozen Ramparts          Ice            0%         1d1       97%         3
 Hailstorm                Conj/Ice       0%         3d3       97%         3
 Ignite Poison            Fire/Tmut/Pois 0%         N/A       97%         3
 Kindle Blastsparks       Fire/Tloc/Air  0%         2d10      97%         3
 Mephitic Cloud           Conj/Pois/Air  0%         N/A       97%         3
 Spider Form              Tmut/Pois      0%         N/A       97%         3
 Stone Arrow              Conj/Erth      0%         3d7       97%         3
 Swiftness                Air            0%         N/A       97%         3
 Tukima's Dance           Hex            0%         N/A       97%         3
 Vampiric Draining        Necr           0%         2d6       97%         3
 Anguish                  Hex/Necr       0%         N/A       100%        4
 Animate Armour           Summ/Erth      0%         N/A       100%        4
 Flame Wave               Conj/Fire      0%         2d4       100%        4
 Fulminant Prism          Conj/Hex       0%         3d5       100%        4
 Ice Form                 Ice/Tmut       0%         N/A       100%        4
 Manifold Assault         Tloc           0%         N/A       100%        4
 Olgreb's Toxic Radiance  Pois           0%         N/A       100%        4
 Passage of Golubria      Tloc           0%         N/A       100%        4
 Petrify                  Tmut/Erth      0%         N/A       100%        4
 Sticky Flame             Conj/Fire      0%         2d3       100%        4
 Summon Ice Beast         Ice/Summ       0%         N/A       100%        4
 Agony                    Necr           0%         N/A       100%        5
 Blade Hands              Tmut           0%         N/A       100%        5
 Fireball                 Conj/Fire      0%         3d3       100%        5
 Freezing Cloud           Conj/Ice/Air   0%         6-21      100%        5
 Irradiate                Conj/Tmut      0%         3d11      100%        5
 Iskenderun's Battlesphe  Conj           0%         2d6       100%        5
 Summon Mana Viper        Hex/Summ       0%         N/A       100%        5
 Yara's Violent Unravell  Hex/Tmut       0%         3d3       100%        5
 Conjure Ball Lightning   Conj/Air       0%         3x3d6     100%        6
 Iron Shot                Conj/Erth      0%         9d1       100%        6
 Starburst                Conj/Fire      0%         6d3       100%        6
 Summon Cactus Giant      Summ           0%         N/A       100%        6
 Enfeeble                 Hex            0%         N/A       100%        7
 Malign Gateway           Summ/Tloc      0%         N/A       100%        7
 Monstrous Menagerie      Summ           0%         N/A       100%        7
 Orb of Destruction       Conj           0%         9d5       100%        7
 Storm Form               Tmut/Air       0%         N/A       100%        7
 Lehudib's Crystal Spear  Conj/Erth      0%         10d2      100%        8
 Summon Horrible Things   Summ           0%         N/A       100%        8
 Simulacrum               Ice/Necr       Unusable   N/A       N/A         6

Dungeon Overview and Level Annotations

Branches:
Dungeon (15/15)            Temple (1/1) D:7            Lair (5/5) D:10
 Shoals (0/4) Lair:3        Snake (0/4) Lair:2        Slime (0/5) Lair:4
    Orc (2/2) D:9             Elf (3/3) Orc:2        Vaults (3/5) D:14
 Depths (4/4) D:15            Zot (0/5) Depths:4     Bailey (visited)
Gauntlet (visited)
  Crypt: Vaults:2-3

Altars:
Ashenzari
Cheibriados
Dithmenos
Elyvilon
Fedhas
Gozag
Hepliaklqana
Kikubaaqudgha
Makhleb
Nemelex Xobeh
Okawaru
Qazlal
Ru
Sif Muna
Trog
Uskayaw
Vehumet
Wu Jian
Xom
Yredelemnul
The Shining One

Shops:
D:6 (   D:7 **   D:8 !   D:14 [   Orc:2 [!=?   Elf:1 ?   Lair:1 =   Lair:3 (
Depths:1 (

Portals:
Hell: Depths:1 Depths:2 Depths:3 Depths:4
Abyss: Depths:3 Depths:4
Pandemonium: Orc:2 Depths:2
Ziggurat: Depths:3


Innate Abilities, Weirdness & Mutations

You have razor-sharp teeth.
Your natural rate of healing is unusually fast.
When hurt, damage is shared between your health and your magic reserves.
Your bite disrupts and absorbs the magic of your enemies.
Potions cannot restore your health.


Message History

You bite the peacekeeper, but do no damage.
The peacekeeper is almost destroyed.
The war gargoyle completely misses you. x2
You hit the peacekeeper but do no damage.
You bite the peacekeeper!
You destroy the peacekeeper!
The war gargoyle misses you.
You hit the peacekeeper but do no damage.
You bite the peacekeeper, but do no damage.
The war gargoyle hits you with a +2 dire flail of holy wrath!
The war gargoyle closely misses you.
You are too injured to fight recklessly!
You are too injured to fight recklessly!
You are too injured to fight recklessly!
You are too injured to fight recklessly!
You are too injured to fight recklessly!
You are too injured to fight recklessly!
You are too injured to fight recklessly!
Unknown command.
You barely miss the peacekeeper. You bite the peacekeeper. You drain its power.
You feel invigorated.
The peacekeeper is lightly damaged.
The peacekeeper completely misses you. x2
As you read the scroll of teleportation, it crumbles to dust.
You feel strangely unstable.
The war gargoyle completely misses you. x2
The peacekeeper barely misses you.
The peacekeeper claws you but does no damage.
The war gargoyle hits you with a +2 dire flail of protection!
The war gargoyle closely misses you.
The war gargoyle hits you with a +2 dire flail of holy wrath!!
The war gargoyle attacks as you move away!
The war gargoyle hits you with a +2 dire flail of protection!!!
* * * LOW HITPOINT WARNING * * *
The war gargoyle attacks as you move away!
The war gargoyle completely misses you. The peacekeeper closely misses you.
The peacekeeper misses you. The war gargoyle completely misses you.
The war gargoyle attacks as you move away!
The war gargoyle hits you with a +0 morningstar!!
You die...
Your body crumbles into a pile of gold. $$$$$ $$$$$ $$$$$

######+######
#...........#
#...........#
#.......9...#
+.....$99...#
#......9@...#
#..##+####..# # #
#..#....# .
#..+....# #..#....#
$ #. #..#....# #.
#..#....#
#.###########'#....#
#..................#


You could see 3 war gargoyles and a peacekeeper.

Vanquished Creatures
  Mara (Vaults:3)
  A juggernaut (Depths:3)
  Frederick (Depths:4)
  Boris (Depths:1)
  A golden dragon (Vaults:3)
  Nikola (Vaults:1)
  2 bone dragons
  Rupert (Lair:3)
  2 tentacled monstrosities
  Jorgrun (D:14)
  A titan (Depths:3)
  2 liches
  A walking divine tome (Depths:3)
  A walking frostbound tome (Depths:3)
  2 deep elf master archers (Elf:3)
  3 deep elf blademasters
  Gastronok (Lair:3)
  A sphinx (Vaults:3)
  2 storm dragons (Depths:3)
  2 tentacled starspawn (Abyss:3)
  A shadow dragon (Depths:4)
  2 tengu reavers
  12 fire giants
  4 deep elf sorcerers (Elf:3)
  4 frost giants
  A draconian scorcher (Depths:4)
  2 iron dragons
  A draconian shifter (Depths:4)
  9 vault wardens
  17 ironbound preservers
  Louise (Depths:3)
  An angel (Abyss:3)
  4 spriggan defenders (Depths:2)
  2 orc warlords
  The ghost of Dwayden the Grappler, a journeyman DrTm of Ru (Orc:1)
  A reaper (Gauntlet)
  6 deep elf elementalists (Elf:3)
  2 war gargoyles
  5 deep elf demonologists
  6 ironbound thunderhulks
  14 stone giants
  21 very ugly things
  4 vampire knights
  A green draconian (Depths:4)
  A minotaur (Gauntlet)
  2 red draconians (Depths:4)
  11 dire elephants
  Azrael (Orc:2)
  9 deep elf annihilators
  A purple draconian (Depths:4)
  2 spark wasps (Depths:3)
  2 yellow draconians (Depths:4)
  14 ettins
  7 deep elf death magi
  2 blizzard demons
  14 fire dragons
  5 deep elf high priests
  10 great orbs of eyes
  9 yaktaur captains
  7 ice dragons
  Erolcha (D:9)
  9 vault guards
  2 quicksilver dragon skeletons (Depths:3)
  4 rakshasas
  A hell beast (Depths:2)
  2 peacekeepers
  An ogre mage (D:11)
  7 hydras
  A death knight (D:14)
  4 ironbound frosthearts
  2 demonspawn (Orc:2)
  4 boulder beetles
  A catoblepas (D:13)
  16 centaur warriors
  3 spriggan air magi
  8 death yaks
  13 deep troll earth magi
  6 two-headed ogres
  A hell hog (Depths:2)
  2 tengu warriors (D:14)
  3 vampire magi (Depths:1)
  10 deep troll shamans
  21 dancing weapons
  7 soul eaters (Depths:1)
  3 thrashing horrors
  8 orc high priests
  Nergalle (D:11)
  Sonja (D:13)
  3 spriggan berserkers
  2 sun demons (Depths:1)
  22 deep elf knights
  9 hell knights
  A skeletal warrior (D:15)
  10 iron trolls
  A spark wasp zombie (D:15)
  A sixfirhy (Gauntlet)
  2 wretched stars (Abyss:3)
  A death drake (Abyss:3)
  3 spriggan druids (Depths:2)
  2 glowing orange brains
  64 deep trolls
  13 deep elf archers
  3 flayed ghosts
  A phantasmal warrior (Vaults:2)
  A swamp dragon (Lair:5)
  A golden dragon skeleton (Depths:1)
  18 lindwurms
  A harpy (shapeshifter) (Vaults:3)
  14 ironbound convokers
  8 wizards
  11 orc knights
  Pikel (D:9)
  7 necromancers
  The ghost of Caerwyn the Covert, a novice KoEn of Ashenzari (D:6)
  16 harpies
  38 deep elf zephyrmancers
  A shining eye (shapeshifter) (Vaults:1)
  An iron dragon zombie (Depths:3)
  35 ugly things
  A stone giant zombie (Vaults:3)
  29 deep elf pyromancers
  15 cyclopes
  A frost giant zombie (D:15)
  A shadow dragon skeleton (Depths:1)
  A fire giant zombie (D:15)
  2 oklob plants
  A wolf spider (D:13)
  2 stone giant skeletons (Vaults:3)
  7 orc sorcerers
  2 worldbinders (Abyss:3)
  2 salamanders (Depths:1)
  3 manticores
  A merfolk siren (Lair:3)
  6 elephants (Lair:5)
  2 moths of wrath (Orc:1)
  A fire giant skeleton (D:15)
  5 black mambas
  Joseph (D:7)
  5 centaur zombies (D:12)
  A water nymph (shapeshifter) (Depths:3)
  A guardian serpent (Abyss:3)
  Maurice (D:13)
  3 smoke demons
  A torpor snail (Lair:5)
  3 gargoyles
  3 orange demons
  14 cane toads
  15 vault sentinels
  Psyche (D:11)
  An unseen horror (D:12)
  A kobold demonologist (D:14)
  Maggie (D:6)
  A freezing wraith (D:13)
  10 komodo dragons
  11 yaktaurs
  3 rime drakes
  A guardian mummy (D:15)
  A tengu conjurer (D:14)
  2 ancient zymes (Abyss:3)
  A queen bee (D:12)
  A red devil (Orc:2)
  10 polar bears
  A spriggan skeleton (Depths:1)
  A yaktaur skeleton (Vaults:3)
  3 meliai (D:12)
  A meliai (shapeshifter) (Abyss:3)
  5 trolls
  A tengu simulacrum (Vaults:1)
  12 blink frogs
  13 hornets
  Grinder (D:4)
  A fire giant simulacrum (Vaults:3)
  A blink frog (shapeshifter) (Elf:1)
  A large abomination (Abyss:3)
  8 dream sheep (Lair:5)
  A raiju (Lair:5)
  A snapping turtle (shapeshifter) (D:14)
  Sigmund (D:2)
  2 air elementals (Elf:2)
  48 slime creatures
  A ynoxinul (Abyss:3)
  A shapeshifter (D:13)
  6 wyverns
  3 ettin skeletons
  11 spriggans
  7 water elementals
  3 shadows (D:12)
  3 vampires (D:12)
  4 wraiths
  A neqoxec (Orc:2)
  34 yaks
  A steam dragon (Lair:5)
  4 fire elementals
  6 basilisks
  A redback (D:13)
  A vampire mosquito (D:8)
  Edmund (D:6)
  15 wargs
  A glowing shapeshifter zombie (Vaults:3)
  3 acid dragons
  3 swamp worms (Gauntlet)
  2 nagas (Lair:2)
  10 water moccasins
  A floating eye (Depths:1)
  21 hell hounds
  A black bear (shapeshifter) (D:9)
  2 human skeletons (Vaults:3)
  3 sky beasts
  2 swamp drakes (Lair:5)
  14 black bears
  3 ice beasts
  40 orc warriors
  11 centaurs
  A boggart (Vaults:2)
  6 ogres
  39 wolves
  7 starcursed masses (Abyss:3)
  2 phantoms (D:3)
  3 lemures (D:9)
  5 kobold brigands
  2 gnoll sergeants
  13 bullfrogs
  2 human simulacra
  4 earth elementals
  A glowing shapeshifter simulacrum (Vaults:3)
  3 scorpions
  A small abomination (Abyss:3)
  15 wights
  7 howler monkeys
  34 killer bees
  4 electric eels
  The ghost of cpf86 the Sneak, a weakling KoBr (D:3)
  4 quasits (D:3)
  Crazy Yiuf (D:2)
  5 hounds
  2 jellies (D:7)
  24 orc priests
  A sleepcap (D:7)
  Jessica (D:2)
  4 hell rats (Lair:3)
  4 iguanas
  25 orc wizards
  6 gnolls
  14 adders
  5 shadow imps
  A white imp (D:7)
  4 ufetubi (Gauntlet)
  2 worms
  A dart slug (D:2)
  71 orcs
  2 endoplasms (D:1)
  2 giant cockroaches
  11 goblins
  11 hobgoblins
  6 jackals
  5 quokkas
  3 ball pythons
  4 bats
  2 frilled lizards (D:1)
  34 kobolds
  A butterfly (Lair:2)
1584 creatures vanquished.

Vanquished Creatures (collateral kills)
  A soul eater (Orc:2)
  2 orc priests (Orc:2)
  An orc (Orc:2)
4 creatures vanquished.

Vanquished Creatures (others)
  A deep elf zephyrmancer (Elf:1)
  A water elemental (Elf:3)
  2 orcs (Orc:2)
  29 fungi
  44 plants
  8 withered plants (D:15)
85 creatures vanquished.

Grand Total: 1673 creatures vanquished

Notes
Turn   | Place    | Note
-------+----------+-------------------------------------------
     0 | D:1      | Meepo69 the Vine Stalker Monk began the quest for the Orb.
     0 | D:1      | Reached XP level 1. HP: 11/11 MP: 2/2
   182 | D:1      | Reached XP level 2. HP: 12/16 MP: 3/3
   273 | D:1      | Found a faded altar of an unknown god.
   357 | D:1      | Reached skill level 3 in Fighting
   673 | D:1      | Reached XP level 3. HP: 20/20 MP: 4/4
  1025 | D:2      | Noticed Jessica
  1035 | D:2      | Killed Jessica
  1036 | D:2      | Gained mutation: Your natural rate of healing is unusually
                  | fast. [Vine Stalker growth]
  1036 | D:2      | Reached XP level 4. HP: 24/24 MP: 5/5
  1138 | D:2      | Noticed Sigmund
  1156 | D:2      | Killed Sigmund
  1157 | D:2      | Reached skill level 4 in Fighting
  1157 | D:2      | Reached XP level 5. HP: 26/29 MP: 6/6
  1157 | D:2      | Reached XP level 6. HP: 29/33 MP: 7/7
  1427 | D:2      | Found a runed translucent door.
  1428 | D:2      | Noticed Crazy Yiuf
  1445 | D:2      | Killed Crazy Yiuf
  1739 | D:3      | Found a transporter.
  1748 | D:3      | Noticed cpf86's ghost (weakling KoBr)
  1922 | D:3      | Found a snail-covered altar of Cheibriados.
  2079 | D:3      | Found a transporter.
  2758 | D:4      | Noticed Grinder
  2760 | D:5      | Entered Level 5 of the Dungeon
  2767 | D:5      | Reached XP level 7. HP: 38/38 MP: 8/8
  3060 | D:5      | Reached skill level 5 in Fighting
  3060 | D:5      | Reached skill level 5 in Short Blades
  3172 | D:5      | Gained mutation: You have razor-sharp teeth. [Vine Stalker
                  | growth]
  3172 | D:5      | Reached XP level 8. HP: 28/43 MP: 6/9
  3289 | D:5      | Found a shimmering blue altar of Sif Muna.
  3398 | D:5      | Reached skill level 5 in Dodging
  4157 | D:4      | Killed Grinder
  4158 | D:4      | Reached skill level 6 in Fighting
  4414 | D:6      | Found Biet's Weapon Shop.
  4428 | D:6      | Bought a +0 rapier of protection for 74 gold pieces
  4605 | D:6      | Found a runed translucent door.
  4605 | D:6      | Noticed Maggie
  4625 | D:6      | Killed Maggie
  4626 | D:6      | Reached XP level 9. HP: 49/49 MP: 10/10
  4631 | D:6      | Noticed Edmund
  4656 | D:6      | Killed Edmund
  4678 | D:6      | Noticed Caerwyn's ghost (novice KoEn)
  5403 | D:7      | Reached skill level 7 in Fighting
  5584 | D:7      | Noticed Joseph
  5618 | D:7      | Killed Joseph
  5819 | D:7      | Found a staircase to the Ecumenical Temple.
  5827 | Temple   | Entered the Ecumenical Temple
  5892 | Temple   | Became a worshipper of Gozag Ym Sagoz the Greedy
  6018 | D:7      | Found Teokodim's Overcharged Wands.
  6378 | D:7      | Reached XP level 10. HP: 56/56 MP: 11/11
  6435 | D:7      | Found Wufac's General Store.
  6632 | D:8      | Reached skill level 8 in Fighting
  6771 | D:8      | Noticed a manticore
  6795 | D:8      | Killed a manticore
  6802 | D:8      | Found a burning altar of Makhleb.
  6802 | D:8      | Noticed a balrug
  6813 | D:8      | Found a flagged portal.
  6849 | Bailey   | Entered a bailey
  6927 | Bailey   | Identified the ring "Dippil" {Fly Will+}
  6967 | Bailey   | Noticed an orc knight
  7023 | Bailey   | Killed an orc knight
  7079 | Bailey   | Noticed an orc knight
  7205 | Bailey   | Killed an orc knight
  7412 | D:8      | Noticed an orange demon
  7764 | D:8      | Reached skill level 1 in Armour
  7794 | D:8      | Reached skill level 9 in Fighting
  7941 | D:8      | Found Cuomuosux's Distillery.
  7954 | D:8      | Bought a potion of attraction for 45 gold pieces
  7954 | D:8      | Bought a potion of lignification for 45 gold pieces
  7954 | D:8      | Bought a potion of might for 60 gold pieces
  7954 | D:8      | Bought a potion of resistance for 150 gold pieces
  8068 | D:8      | Reached XP level 11. HP: 31/62 MP: 4/12
  8137 | D:9      | Noticed Erolcha
  8137 | D:9      | Noticed a two-headed ogre
  8376 | D:9      | Found a staircase to the Orcish Mines.
  8472 | D:9      | Noticed Grum
  8473 | D:9      | Grum changed into Grum the worm
  8473 | D:9      | Noticed Grum
  8488 | D:9      | Killed Grum the worm
  8785 | D:9      | Noticed a deep elf pyromancer
  8819 | D:9      | Noticed Pikel
  8845 | D:9      | Killed Pikel
  9133 | D:9      | Killed a deep elf pyromancer
  9189 | D:10     | Entered Level 10 of the Dungeon
  9236 | D:10     | Noticed a two-headed ogre
  9259 | D:10     | Killed a two-headed ogre
  9320 | D:10     | Found a staircase to the Lair.
  9614 | D:10     | You are sucked into a shaft and drop 1 floor!
 10166 | Lair:1   | Entered Level 1 of the Lair of Beasts
 10404 | Lair:1   | Reached skill level 10 in Short Blades
 10448 | Lair:1   | You are sucked into a shaft and drop 1 floor!
 10530 | Lair:2   | Reached XP level 12. HP: 46/67 MP: 13/13
 11941 | Lair:2   | Found a staircase to the Snake Pit.
 12271 | Lair:2   | Noticed a four-headed hydra
 12285 | Lair:2   | Killed a four-headed hydra
 12474 | Lair:3   | Noticed Rupert
 12712 | Lair:3   | Killed Rupert
 12824 | Lair:3   | Reached XP level 13. HP: 72/72 MP: 14/14
 12829 | Lair:3   | Reached skill level 10 in Fighting
 12939 | Lair:3   | Noticed Gastronok
 12958 | Lair:3   | Bought a glowing rapier for 196 gold pieces
 12958 | Lair:3   | Bought a shimmering short sword for 224 gold pieces
 12958 | Lair:3   | Identified the +3 short sword of Azecw {freeze, Int+3
                  | Stlth+} (You bought it in a shop on level 3 of the Lair of
                  | Beasts)
 13187 | Lair:3   | Killed Gastronok
 13748 | Lair:3   | Found a staircase to the Shoals.
 13954 | Lair:4   | Found a staircase to the Slime Pits.
 14051 | Lair:4   | Got the Treatise on Outbursts
 14239 | Lair:4   | Reached skill level 10 in Dodging
 14257 | Lair:4   | Identified the staff of conjuration "Gynoom" {Dex+3}
 14615 | Lair:5   | Entered Level 5 of the Lair of Beasts
 14644 | Lair:5   | Reached skill level 11 in Fighting
 14859 | Lair:5   | Identified the +5 trident of Welfare {drain, Drain Int+6}
 15440 | Lair:5   | Reached skill level 12 in Fighting
 15452 | Lair:5   | Reached XP level 14. HP: 55/80 MP: 15/15
 16205 | Lair:5   | Reached skill level 1 in Evocations
 16767 | Lair:5   | Reached skill level 5 in Evocations
 17249 | Lair:1   | Bought the ring of the Water Diviner {+Blink rPois AC+4
                  | Stlth+} for 855 gold pieces
 17249 | Lair:1   | Bought the ring "Punao" {rCorr MP+9 Str+7 Int-3} for 615
                  | gold pieces
 17671 | Orc:1    | Entered Level 1 of the Orcish Mines
 17723 | Orc:1    | Noticed Dwayden's ghost (journeyman DrTm)
 17870 | Orc:1    | Noticed an orc warlord
 17900 | Orc:2    | Entered Level 2 of the Orcish Mines
 17985 | Orc:1    | Killed an orc warlord
 18322 | Orc:1    | Found a transporter.
 18338 | Orc:1    | Found a transporter.
 18866 | Orc:2    | Noticed Azrael
 18895 | Orc:2    | Killed Azrael
 19083 | Orc:2    | Found Udosinga's Distillery.
 19237 | Orc:2    | Found Pel Avis's Magic Scroll Emporium.
 19258 | Orc:2    | Reached XP level 15. HP: 79/79 MP: 16/16
 19354 | Orc:2    | Bought a potion of might for 52 gold pieces
 19354 | Orc:2    | Bought a potion of might for 52 gold pieces
 19356 | Orc:2    | Bought a scroll of enchant weapon for 120 gold pieces
 19520 | Orc:2    | Found a staircase to the Elven Halls.
 19991 | Orc:2    | Reached skill level 13 in Fighting
 20421 | Orc:2    | Found Ilomnux's Antique Armour Shop.
 20421 | Orc:2    | Found Donomopn's Jewellery Boutique.
 20424 | Orc:2    | Found a one-way gate leading to the halls of Pandemonium.
 20461 | Orc:2    | Bought a pair of gloves for 135 gold pieces
 20730 | D:3      | Killed cpf86's ghost
 20927 | D:6      | Killed Caerwyn's ghost
 21103 | D:9      | Killed Erolcha
 21163 | D:11     | Noticed Nergalle
 21180 | D:11     | Killed Nergalle
 21323 | D:11     | Noticed Psyche
 21389 | D:11     | Killed Psyche
 22293 | D:12     | Reached skill level 14 in Fighting
 22420 | D:12     | Identified the scarf of the Evening {harm, Rampage rElec}
 23973 | Orc:1    | Reached XP level 16. HP: 81/93 MP: 17/17
 24550 | D:13     | Found a gate leading to a gauntlet.
 24600 | Gauntlet | Entered a Gauntlet
 24600 | Gauntlet | Found a transporter.
 24600 | Gauntlet | Found a transporter.
 24601 | Gauntlet | Found a transporter.
 24604 | Gauntlet | Found a transporter.
 24604 | Gauntlet | Found a transporter.
 24605 | Gauntlet | Found a transporter.
 24615 | Gauntlet | Found a transporter.
 24619 | Gauntlet | Found a transporter.
 24629 | Gauntlet | Found a transporter.
 24629 | Gauntlet | Found a transporter.
 24630 | Gauntlet | Found a transporter.
 24631 | Gauntlet | Found a transporter.
 25039 | Gauntlet | Identified the +7 mace of the Reaper {heavy, Int+2}
 25244 | D:13     | Noticed Maurice
 25252 | D:13     | Killed Maurice
 25308 | D:13     | Got the Volume of the Worm
 25542 | D:13     | Noticed Sonja
 25547 | D:13     | Killed Sonja
 25723 | D:13     | Reached skill level 15 in Fighting
 26067 | D:14     | Found a gate to the Vaults.
 26107 | D:14     | Noticed Jorgrun
 26117 | D:14     | Killed Jorgrun
 26982 | D:14     | Noticed a tengu reaver
 27060 | D:14     | Bought a faintly glowing scale mail for 207 gold pieces
 27060 | D:14     | Identified the +5 scale mail of the Arcane {Str+2} (You
                  | bought it in a shop on level 14 of the Dungeon)
 27064 | D:14     | Bought glowing pearl dragon scales for 2348 gold pieces
 27223 | D:15     | Entered Level 15 of the Dungeon
 27440 | D:15     | Found a staircase to the Depths.
 27694 | D:15     | Found a stormy altar of Qazlal.
 27844 | D:15     | Reached skill level 16 in Fighting
 28507 | D:14     | Reached XP level 17. HP: 91/100 MP: 18/18
 28606 | D:14     | Reached skill level 15 in Dodging
 28932 | Orc:1    | Killed Dwayden's ghost
 29005 | Elf:1    | Entered Level 1 of the Elven Halls
 29047 | Elf:1    | Reached skill level 5 in Armour
 29676 | Elf:1    | Found Jimaupnu's Magic Scroll Boutique.
 29687 | Elf:1    | Bought a scroll of enchant armour for 120 gold pieces
 29687 | Elf:1    | Bought 3 scrolls of enchant armour for 360 gold pieces
 29687 | Elf:1    | Bought a scroll of enchant weapon for 120 gold pieces
 30435 | Elf:2    | Paralysed by an air elemental for 1 turns
 30655 | Elf:2    | Found a runed translucent gate.
 30656 | Elf:2    | Found a runed translucent gate.
 30656 | Elf:2    | Found a runed translucent gate.
 30723 | Elf:3    | Entered Level 3 of the Elven Halls
 30737 | Elf:3    | Reached skill level 10 in Armour
 30983 | Elf:3    | Reached XP level 18. HP: 84/105 MP: 19/19
 31608 | Elf:3    | Identified the +2 plate armour of Bad Feelings {Int+5
                  | Dex+3}
 31608 | Elf:3    | Noticed a deep elf blademaster
 31631 | Elf:3    | Killed a deep elf blademaster
 31804 | Elf:3    | Identified the ring "Keaprah" {Fire Contam rPois rCorr
                  | Int+6}
 31834 | Elf:3    | Identified the ring of Orahedau {rElec rPois rCorr Str+2}
 31892 | Elf:3    | Identified the ring of Baivionn {AC+4 Str+2 Int-2 Stlth+}
 32279 | Elf:3    | Reached skill level 5 in Stealth
 32347 | Elf:3    | Noticed a deep elf master archer
 32554 | Elf:3    | Killed a deep elf master archer
 32564 | Elf:3    | Noticed a deep elf master archer
 32573 | Elf:3    | Killed a deep elf master archer
 32705 | Elf:3    | Noticed a deep elf blademaster
 32738 | Elf:3    | Killed a deep elf blademaster
 33083 | Elf:3    | Identified the staff of air "Alytamn" {rElec rPois rC++}
 33188 | Elf:3    | Identified the +5 longbow "Anyowupo" {antimagic, rF- Dex+9}
 33477 | Elf:2    | Reached skill level 10 in Stealth
 33634 | Elf:2    | Noticed a deep elf blademaster
 33752 | Elf:2    | Killed a deep elf blademaster
 34212 | Depths:1 | Entered Level 1 of the Depths
 34422 | Depths:1 | Reached XP level 19. HP: 107/109 MP: 20/20
 34887 | Depths:1 | Reached skill level 17 in Fighting
 35112 | Depths:1 | Found a sparkling altar of Nemelex Xobeh.
 35113 | Depths:1 | Noticed Boris
 35197 | Depths:1 | Killed Boris
 35381 | Depths:1 | Found Ystreemenny's Antique Weapon Shoppe.
 35544 | Depths:1 | Paralysed by a floating eye for 2 turns
 35670 | Depths:1 | Reached skill level 18 in Fighting
 35815 | Depths:1 | Found a gateway to Hell.
 36283 | Depths:2 | You fall into a shaft and drop 1 floor!
 36588 | Depths:2 | Reached skill level 19 in Fighting
 36718 | Depths:2 | Noticed a bone dragon
 36810 | Depths:2 | Killed a bone dragon
 36811 | Depths:2 | Reached XP level 20. HP: 68/121 MP: 21/21
 36942 | Depths:2 | Found a glowing golden altar of the Shining One.
 38173 | Depths:3 | Identified the +5 hand axe of Ointment {venom, rElec rF+
                  | SInv}
 38942 | Depths:3 | Found a one-way gateway to a ziggurat.
 39070 | Depths:3 | Found a one-way gate to the infinite horrors of the Abyss.
 39072 | Depths:3 | Noticed Louise
 39139 | Depths:3 | Killed Louise
 39632 | Depths:3 | Noticed a juggernaut
 39701 | Depths:3 | Killed a juggernaut
 39784 | Depths:4 | Entered Level 4 of the Depths
 39833 | Depths:4 | Reached skill level 15 in Short Blades
 40049 | Depths:4 | Reached XP level 21. HP: 126/126 MP: 22/22
 40369 | Depths:4 | Noticed a bone dragon
 40458 | Depths:4 | Killed a bone dragon
 40459 | Depths:4 | Reached skill level 15 in Stealth
 40528 | Depths:4 | Found a gate to the Realm of Zot.
 40836 | Depths:4 | Noticed Frederick
 40902 | Depths:4 | Killed Frederick
 41319 | Depths:4 | Voluntarily entered the Abyss.
 41421 | Abyss:2  | Found a corrupted altar of Lugonu.
 41464 | Abyss:3  | Found a corrupted altar of Lugonu.
 41743 | Abyss:3  | Found a corrupted altar of Lugonu.
 41921 | Abyss:3  | Got an abyssal rune of Zot
 41954 | Depths:4 | Escaped the Abyss
 42098 | Vaults:1 | Entered Level 1 of the Vaults
 42196 | Vaults:1 | Identified the +9 plate armour of Decompression {rElec
                  | rCorr}
 42785 | Vaults:1 | Noticed Nikola
 42787 | Vaults:1 | Killed Nikola
 43366 | Vaults:1 | Reached XP level 22. HP: 130/131 MP: 23/23
 44469 | Vaults:2 | Identified the +3 cloak of Zealoat {Rampage rN+ MP-9}
 45979 | Vaults:3 | Noticed Mara
 45996 | Vaults:3 | Noticed Meepo69's illusion
 46020 | Vaults:3 | Killed Mara
 46457 | Vaults:3 | Noticed a golden dragon
 46468 | Vaults:3 | Reached XP level 23. HP: 135/135 MP: 24/24
 46559 | Vaults:3 | Killed a golden dragon
 46931 | Vaults:3 | Reached skill level 15 in Armour
 47266 | Vaults:3 | You fall into a shaft and drop 1 floor!
 47660 | Vaults:4 | Slain by a war gargoyle

Illustrated notes

Levels and vault maps discovered:
D:1:      tarquinn_simple_flora_water_b, layout_loops_ring,
          dreamdust_ecumenical_altar_angels_and_demons
D:2:      layout_loops_ring, uniq_jessica, uniq_sigmund, uniq_crazy_yiuf_cottage
D:3:      layout_basic, mainiacjoe_overflow_paths, gammafunk_ghost_stat_death
D:4:      layout_layer_cave, hex_tiny, minmay_crystal_room, serial_bayou_lake_a,
          uniq_grinder
D:5:      layout_loops_ring, lemuel_blue_sif_altar
D:6:      layout_loops_ring, ebering_ghost_sewer_d, serial_rivers,
          chequers_serial_rivers_small_b, chequers_serial_rivers_marsh,
          chequers_serial_rivers_micro_e, chequers_serial_rivers_small_3,
          chequers_serial_rivers_marsh, chequers_serial_rivers_micro_c,
          nicolae_stop_n_shop_1, corexii_item_surrounded_by_moat, uniq_maggie,
          uniq_edmund
D:7:      layout_basic, minmay_temple_entry_junction_2, serial_shops, shop,
          nicolae_shop_overcharged_wands, uniq_joseph
D:8:      layout_cave_pools, makhleb_altar_promises_db, zin_angel, serial_shops,
          nicolae_shop_window_shopping, enter_bailey_3,
          amcnicky_mini_pool_medium
D:9:      minmay_diamond_stairs, layout_irregular_city, david_orc_2,
          nicolae_lava_and_water, uniq_grum, uniq_pikel, uniq_erolcha
D:10:     nicolae_BIG_FREAKIN_CUBE, layout_basic
D:11:     kennysheep_big_flooded_room, layout_loops_ring,
          minmay_misc_feat_rugged, uniq_psyche, uniq_nergalle
D:12:     layout_long_grid, serial_undead, serial_undead_a, serial_undead_a,
          serial_undead_c, serial_undead_e, special_room [special_room_bee],
          dk_noncrumbling_2
D:13:     layout_loops_ring, gauntlet_entry_generic, minivault_12, uniq_maurice,
          uniq_sonja
D:14:     cross_vault, layout_basic, lightli_vaults_fourway_checkpoint,
          skrybe_limestone_x, serial_aquarium, aquarium_bridge_island_small
          [aquarium_subvault_small_water, aquarium_subvault_wall,
          aquarium_subvault_wall, aquarium_subvault_wall,
          aquarium_subvault_bridge], aquarium_bridge_straight
          [aquarium_subvault_bridge, aquarium_subvault_wall,
          aquarium_subvault_bridge, aquarium_subvault_window],
          aquarium_window_1, aquarium_window_3, aquarium_window_2,
          aquarium_window_fake, aquarium_view_2c, aquarium_view_4,
          nrook_campfire, uniq_jorgrun
D:15:     gammafunk_depths_entry_grave, layout_basic, grunt_qazlal_clouds,
          nicolae_twisting_strands, minmay_unpleasant_kobolds
Temple:   mainiacjoe_temple_coin_purse
Lair:1:   layout_layer_cave, grunt_forest_small_clearings, grunt_megastairs_5,
          lemuel_fruit_fields, lemuel_fruit_fields
Lair:2:   layout_misc_corridors, guppyfry_snake_entry_garden,
          grunt_megastairs_1, lemuel_fruit_tree
Lair:3:   layout_cave_pods, elwin_shoals_entry_rooms,
          chequers_serial_rivers_micro_e, infiniplex_staircase_pool,
          uniq_rupert, uniq_gastronok
Lair:4:   layout_hall_layers, dpeg_slime_entry_enclosed, minmay_lindwurm_lava
Lair:5:   hangedman_lair_caniforms_friends, layout_hall_layers,
          guppyfry_lair_end_dragon, st_stairs_4, infiniplex_staircase_pool_2,
          grunt_megastairs_3
Orc:1:    orc_temple, layout_caves, gammafunk_ghost_berserking_beasts,
          mumra_transporter_accident
Orc:2:    pf_orc_diabolical, layout_diamond_mine, basic_altar,
          statue_in_the_mist_lemuel, uniq_azrael
Elf:1:    minmay_elf_arrival_plus, layout_geoelf_diagonals, minivault_28,
          minmay_shop_star
Elf:2:    nicolae_elf_blades_crystal_corner, layout_geoelf_octagon
Elf:3:    elf_hall_gauntlet_narrow, layout_geoelf_grid
Vaults:1: v_misc_27, ontoclasm_vaults_misaligned, vaults_room_semicircle,
          hangedman_vaults_corner_blocks,
          nicolae_vaults_windows_and_doors_thing, vaults_room_grid, v_misc_11,
          nicolae_vaults_quadrants, v_misc_22, dpeg_vaults_monster_box,
          serial_ice_g, nicolae_vaults_diagonal_hallway_7, layout_vaults_ring,
          uniq_nikola
Vaults:2: v_misc_33, nicolae_vaults_halls_meeting,
          vaults_standard_mumra_enter_the_diamond, hangedman_vaults_nails,
          vaults_standard_mumra_lines, vaults_mumra_minichess,
          ontoclasm_vaults_ligature, nicolae_vaults_sealed_display,
          nicolae_vaults_little_squares_6, layout_vaults_omnicross, uniq_margery
Vaults:3: hangedman_vaults_river_flow, nicolae_vaults_little_squares_6,
          hangedman_vaults_slice, nicolae_vaults_network_barrier,
          minmay_crypt_entry_skeletal_spiral, grunt_vaults_hallway_long,
          dpeg_vaults_pockets_of_resistance, v_misc_30, ontoclasm_vaults_idyll,
          vaults_room_pool, v_misc_2, vaults_dpeg_hooks, vaults_room_corners,
          nicolae_vaults_little_squares_2, vaults_room_pools,
          layout_vaults_maze_snakey, uniq_mara
Vaults:4: nicolae_vaults_network_square, hangedman_vaults_cutoff, st_cells,
          v_misc_9, hangedman_vaults_corner_blocks,
          nicolae_vaults_border_crossing, v_misc_16, vaults_dpeg_ring,
          ontoclasm_vaults_chip, nicolae_vaults_gold_heap,
          layout_vaults_omnigrid
Depths:1: layout_honeycomb, nemelex_lonely_heart_becter, hellmouth_3,
          serial_shops, shop, onia_ninara_cookie
Depths:2: kb_forest_paths, layout_gridlike, rand_demon_pan_entry_4,
          grunt_mini_vestibule, tso_metal_star
Depths:3: minmay_swirls_squares, layout_gridville, enter_ziggurat_a,
          hangedman_coc_ice_floe, nicolae_abyss_entry_one_way_or_another,
          serial_bayou_shore_b, serial_bayou_shore_b
Depths:4: grunt_zot_entry_alcove, layout_cave_shapes, abyss_entry,
          chequers_serial_rivers_micro_e, hell_entry, grunt_megastairs_2,
          uniq_frederick

Skill      XL: |  1  2  3  4  5  6  7  8  9 10 11 12 13 14 15 16 17 18 19 20 21 22 23 |
---------------+----------------------------------------------------------------------+-----
Fighting       | 3 4 5 6 7 9 12 14 16 19 | 19.3
Short Blades   | 3 4 5 6 7 9 10 14 15 16 17 | 17.2
Dodging        | 3 4 5 7 8 9 11 13 14 15 16 17 | 17.5
Armour         | 1 3 10 12 13 14 15 | 15.2
Evocations     | 8 |  8.2
Stealth        | 12 14 16 18 | 18.9

Action                     |  1- 3 |  4- 6 |  7- 9 | 10-12 | 13-15 | 16-18 | 19-21 | 22-24 || total
---------------------------+-------+-------+-------+-------+-------+-------+-------+-------++-------
  Melee: Short sword       |    89 |   107 |   156 |       |       |       |       |       ||   352
         Bite              |    20 |    34 |   140 |   433 |  1253 |  1034 |  2016 |  1017 ||  5947
         Punch             |       |     1 |     6 |    19 |    55 |    43 |   107 |    64 ||   295
         Rapier            |       |       |   206 |  1118 |  2604 |  1645 |       |       ||  5573
         Quick blade       |       |       |       |       |       |   397 |  3167 |  1497 ||  5061
  Throw: Dart              |       |     2 |    11 |    31 |    24 |     6 |     1 |       ||    75
         Boomerang         |       |       |       |       |    14 |     5 |       |       ||    19
 Invoke: Potion Petition   |       |       |       |     1 |     2 |       |       |       ||     3
         Call Merchant     |       |       |       |     1 |     1 |     1 |       |       ||     3
Ability: Evoke Invisibilit |       |       |       |       |     4 |     2 |       |       ||     6
  Evoke: Wand              |       |     1 |       |     1 |     1 |     2 |       |       ||     5
    Use: Scroll            |       |       |    11 |     9 |    13 |    19 |     1 |     5 ||    58
         Potion            |       |       |       |    10 |     2 |     1 |     3 |       ||    16
   Stab: Sleeping          |     3 |     5 |       |     2 |     8 |    16 |    27 |    30 ||    91
         Distracted        |       |       |       |     4 |    15 |    14 |    30 |    15 ||    78
         Invisible         |       |       |       |     4 |    25 |     6 |       |       ||    35
 Armour: Leather armour    |    14 |       |       |       |       |       |       |       ||    14
         Robe              |       |     4 |       |       |       |       |       |       ||     4
         Scale mail        |       |     8 |   109 |   408 |       |       |       |       ||   525
         Skin              |       |       |       |   104 |       |       |       |       ||   104
         Ring mail         |       |       |       |     1 |   596 |   121 |       |       ||   718
         Pearl dragon scal |       |       |       |       |       |   386 |   551 |   268 ||  1205
  Dodge: Dodged            |    42 |    46 |   107 |   658 |  1363 |   908 |  1284 |   927 ||  5335

Table legend: (Time is in decaauts)
 A = Elapsed time spent in this place.
 B = Non-inter-level travel time spent in this place.
 C = Inter-level travel time spent in this place.
 D = Time resting spent in this place.
 E = Time spent auto-exploring this place.
 F = Levels seen in this place.
 G = Mean time per level.
                   A        B        C        D        E       F      G
               +--------+--------+--------+--------+--------+-----+--------+
         Total |  41001 |  37726 |   3275 |   1917 |  16499 |  39 | 1051.3 |
       Dungeon |  15899 |  14113 |   1786 |    319 |   7623 |  15 | 1059.9 |
        Temple |     75 |     75 |      0 |      0 |      0 |   1 |   75.0 |
          Lair |   6512 |   6059 |    453 |    227 |   3038 |   5 | 1302.4 |
  Orcish Mines |   3362 |   2998 |    364 |    213 |    805 |   2 | 1681.0 |
   Elven Halls |   4360 |   4060 |    300 |   1014 |   1026 |   3 | 1453.3 |
        Vaults |   4206 |   4093 |    113 |     64 |   2139 |   4 | 1051.5 |
        Depths |   5165 |   4907 |    258 |     11 |   1868 |   4 | 1291.2 |
         Abyss |    494 |    494 |      0 |     37 |      0 |   3 |  164.7 |
        Bailey |    504 |    504 |      0 |      0 |      0 |   1 |  504.0 |
      Gauntlet |    418 |    418 |      0 |     31 |      0 |   1 |  418.0 |
               +--------+--------+--------+--------+--------+-----+--------+

Top non-repeatable levels by time:
   Elf:3: 2331 daAuts
  Lair:5: 1994 daAuts
   Orc:2: 1875 daAuts
Vaults:2: 1645 daAuts
   Orc:1: 1487 daAuts
    D:12: 1413 daAuts
Depths:1: 1397 daAuts
    D:14: 1379 daAuts
     D:4: 1379 daAuts
Depths:2: 1336 daAuts
  Lair:1: 1308 daAuts
Depths:3: 1293 daAuts
  Lair:3: 1281 daAuts
Vaults:1: 1263 daAuts
     D:9: 1175 daAuts
